 Dungeon Crawl Stone Soup version 0.30-a0-586-g23e55c9e0a (webtiles) character file.

Game seed: 1202948925516135256

224 OTABOTABOTAB the Ruffian (level 5, -12/40 (42) HPs)
             Began as a Draconian Transmuter on Jan 4, 2023.
             Mangled by Crazy Yiuf
             ... wielding a +3 quarterstaff of chaos
              (14 damage)
             ... on level 2 of the Dungeon.
             The game lasted 00:05:26 (1626 turns).

OTABOTABOTAB the Ruffian (Draconian Transmuter)     Turns: 1626, Time: 00:05:27

HP:   -12/40 (42)   AC:  6    Str: 13    XL:     5   Next: 67%
MP:   8/8           EV: 12    Int: 15    God:
Gold: 133           SH:  0    Dex: 11    Spells: 2/8 levels left

rFire   . . .      SeeInvis .      - Unarmed
rCold   . . .      Faith    .    (no shield)
rNeg    . . .      Spirit   .    (body armour unavailable)
rPois   .          Reflect  .    (helmet restricted)
rElec   .          Harm     .    (no cloak)
rCorr   .          Rampage  .    c - +0 pair of gloves
Will    .....                    (no boots)
Stlth   +                        (no amulet)
HPRegen 0.26/turn                (no ring)
MPRegen 0.11/turn                (no ring)

@: flying, lightly drained, invisible
A: AC +5, unfitting armour, cold-blooded
a: no special abilities


You were on level 2 of the Dungeon.
You visited 1 branch of the dungeon, and saw 2 of its levels.

You collected 133 gold pieces.

Inventory:

Armour
 c - a +0 pair of gloves (worn)
   (You found it on level 1 of the Dungeon)
Magical Staves
 g - a staff of air {rElec}
   (You took it off a hobgoblin on level 2 of the Dungeon)
Scrolls
 a - a scroll of enchant armour {unknown}
 b - a scroll of silence {unknown}
 d - 2 scrolls of identify {unknown}
 h - a scroll of enchant weapon {unknown}
Potions
 L - a potion of flight
 P - a potion of lignification {!q}


   Skills:
 - Level 2.7 Fighting
 - Level 2.9 Dodging
 - Level 4.6 Unarmed Combat
 - Level 2.0 Spellcasting
 + Level 3.1 Transmutations
 * Level 0.5 Poison Magic


You had 2 spell levels left.
You knew the following spells:

 Your Spells              Type           Power      Damage    Failure   Level
a - Beastly Appendage     Tmut           20%        N/A       6%          1
b - Wereblood             Tmut           10%        N/A       10%         2
c - Spider Form           Tmut/Pois      7%         N/A       30%         3

Your spell library contained the following spells:

 Spells                   Type           Power      Damage    Failure   Level
 Ice Form                 Ice/Tmut       6%         N/A       75%         4


Dungeon Overview and Level Annotations

Branches:
Dungeon (2/15)

Altars:

Annotations:
D:2 Crazy Yiuf


Innate Abilities, Weirdness & Mutations

Your plain brown scales are hard. (AC +5)
You cannot fit into any form of body armour.
You are cold-blooded and may be slowed by cold attacks.


Message History

The endoplasm hits you but does no damage.
You hit the endoplasm.
The endoplasm hits you but does no damage.
You barely miss the endoplasm.
You tail-slap the endoplasm, but do no damage.
The quokka twitches its whiskers.
The endoplasm completely misses you.
You hit the endoplasm. You tail-slap the endoplasm.
You kill the endoplasm!
Found a stone staircase leading down.
The quokka bites you but does no damage.
Unknown command.
You hit the quokka.
You kill the quokka!
No target in view!
No target in view!
No target in view!
No target in view!
You now have 133 gold pieces (gained 14).
You see here a quokka corpse.
A hobgoblin comes into view.
You grow a pair of large bovine horns.
Your feet morph into talons.
You now have 7/8 mp.
The hobgoblin completely misses you.
Unknown command.
You hit the hobgoblin.
You kill the hobgoblin!
No target in view!
No target in view!
Okay, then.
Your transformation is almost over.
Your horns disappear.
Your talons disappear.
You're in a travel-excluded area, stopping explore.
MP restored: 8 Unknown command.
Sorry, you're not good enough to have a special ability.
There are no items here.
Unknown command.
Crazy Yiuf shouts!
Crazy Yiuf whimpers, "Castle tea wrapper!"
You open the door.
You grow a pair of large bovine horns.
Your feet morph into talons.
Crazy Yiuf hits you with a +3 quarterstaff of chaos.
You are poisoned.
You take 4 damage, and have 38/42 hp.
You now have 7/8 mp.
You closely miss Crazy Yiuf. You claw Crazy Yiuf.
You feel sick.
Crazy Yiuf hits you with a +3 quarterstaff of chaos!
You are slowing down.
You take 13 damage, and have 25/42 hp.
MASSIVE DAMAGE!!
It was a potion of flight.
You feel very buoyant.
You fly up into the air.
L - a potion of flight You feel very sick.
Crazy Yiuf hits you with a +3 quarterstaff of chaos.
Crazy Yiuf hits you with a +3 quarterstaff of chaos!
Your limbs are stiffening.
You take 8 damage, and have 17/42 hp.
It was a potion of heal wounds.
You feel much better.
Crazy Yiuf hits you with a +3 quarterstaff of chaos.
You feel drained.
You have turned to stone.
Crazy Yiuf hits you with a +3 quarterstaff of chaos!
Crazy Yiuf burns you.
Crazy Yiuf hits you with a +3 quarterstaff of chaos!
You feel yourself slow down. Crazy Yiuf freezes you.
Crazy Yiuf hits you with a +3 quarterstaff of chaos!
You feel yourself speed up.
Crazy Yiuf hits you with a +3 quarterstaff of chaos!
Crazy Yiuf hits you with a +3 quarterstaff of chaos.
You resist with some effort.
Your horns disappear.
Your talons disappear.
Crazy Yiuf hits you with a +3 quarterstaff of chaos!
Crazy Yiuf freezes you.
Crazy Yiuf hits you with a +3 quarterstaff of chaos.
* * * LOW HITPOINT WARNING * * *
Space warps horribly around you!
* * * LOW HITPOINT WARNING * * *
You turn to flesh and can move again.
You take 12 damage, and have 5/40 hp.
MASSIVE DAMAGE!!
MP restored: 8 It was a potion of invisibility.
You fade into invisibility!
You feel sick. Crazy Yiuf misses you.
You take 1 damage, and have 4/40 hp.
Okay, then.
Unknown command.
You punch Crazy Yiuf!
You feel sick.
Crazy Yiuf drinks a potion.
Crazy Yiuf is healed!
You take 1 damage, and have 3/40 hp.
You hit Crazy Yiuf. You punch Crazy Yiuf.
You feel sick. Crazy Yiuf completely misses you.
You completely miss Crazy Yiuf.
You feel sick.
You are no longer poisoned.
Crazy Yiuf hits you with a +3 quarterstaff of chaos!
You die...

###
#........#.............###.##
###
#####....#.................##
..#
#########.....##............
..####.##
#############......#
........# #......#.#
..###...# ###....#.# ..#
#...##♣♣ ### ##......# ..#
#....#.♣♣ ♣♣#..)# ##.....#.#
### #.......♣♣♣♣@g...#
#......#.# ##.......♣..♣#...#
#..##....) ###.#..♣.♣♣♣ ###
#######... ###♣♣♣♣♣
#######... #.....#.#. #####
##########.#...
.....#####.....##.......
........##.##..####.#...
......†).)........).....


You could see Crazy Yiuf (unable to see you).

Vanquished Creatures
  Sigmund (D:2)
  An adder (D:2)
  2 dart slugs
  3 orcs (D:2)
  4 endoplasms
  3 giant cockroaches
  8 hobgoblins
  7 jackals (D:1)
  5 kobolds
  2 quokkas (D:2)
  3 ball pythons
  4 bats
  5 frilled lizards
  4 goblins (D:2)
  7 rats
59 creatures vanquished.

Notes
Turn   | Place    | Note
-------+----------+-------------------------------------------
     0 | D:1      | OTABOTABOTAB the Draconian Transmuter began the quest for
                  | the Orb.
     0 | D:1      | Reached XP level 1. HP: 16/16 MP: 3/3
   197 | D:1      | Reached XP level 2. HP: 20/23 MP: 5/5
   240 | D:1      | Reached skill level 2 in Dodging
   252 | D:1      | Learned a level 2 spell: Wereblood
   519 | D:1      | Found a faded altar of an unknown god.
   720 | D:1      | Reached XP level 3. HP: 29/29 MP: 4/6
   940 | D:2      | Noticed Sigmund
   972 | D:2      | Killed Sigmund
   973 | D:2      | Reached skill level 2 in Fighting
   973 | D:2      | Reached skill level 4 in Unarmed Combat
   973 | D:2      | Reached skill level 3 in Transmutations
   973 | D:2      | Reached XP level 4. HP: 18/37 MP: 4/7
   973 | D:2      | Reached XP level 5. HP: 21/42 MP: 4/8
   983 | D:2      | Learned a level 3 spell: Spider Form
  1607 | D:2      | Found a runed translucent door.
  1608 | D:2      | Noticed Crazy Yiuf
  1622 | D:2      | HP: 5/40 [Crazy Yiuf/+3 quarterstaff of chaos (6)]
  1626 | D:2      | HP: 2/40 [poisoned by Crazy Yiuf]
  1626 | D:2      | Mangled by Crazy Yiuf

Illustrated notes

Levels and vault maps discovered:
D:1:      wander_arrival_peaceful_grave, layout_basic,
          hellmonk_ecumenical_altar_pennies_from_heaven
D:2:      layout_basic, guppyfry_early_orc_mine, uniq_crazy_yiuf_cottage,
          uniq_sigmund

Skill      XL: |  1  2  3 |
---------------+----------+-----
Dodging        | 2 |  2.9
Fighting       | 2 |  2.7
Unarmed Combat | 4 |  4.6
Transmutations | 3 |  3.1
Spellcasting   | |  2.0
Poison Magic   | |  0.5

Action                   |  1- 3 |  4- 6 || total
-------------------------+-------+-------++-------
Melee: Unarmed           |    77 |    84 ||   161
       Kick              |    17 |     6 ||    23
       Headbutt          |     7 |     7 ||    14
       Tailslap          |     5 |    14 ||    19
       Punch             |       |     4 ||     4
Throw: Stone             |    17 |    14 ||    31
 Cast: Beastly Appendage |    13 |     8 ||    21
       Wereblood         |     2 |     3 ||     5
 Abil: End Transformatio |     4 |     6 ||    10
  Use: Potion            |       |     3 ||     3
Armor: Skin              |    38 |    31 ||    69
Dodge: Dodged            |    49 |    47 ||    96

Table legend: (Time is in decaauts)
 A = Elapsed time spent in this place.
 B = Non-inter-level travel time spent in this place.
 C = Inter-level travel time spent in this place.
 D = Time resting spent in this place.
 E = Time spent auto-exploring this place.
 F = Levels seen in this place.
 G = Mean time per level.
                   A        B        C        D        E       F      G
               +--------+--------+--------+--------+--------+-----+--------+
         Total |   1619 |   1601 |     18 |      0 |   1248 |   2 |  809.5 |
       Dungeon |   1619 |   1601 |     18 |      0 |   1248 |   2 |  809.5 |
               +--------+--------+--------+--------+--------+-----+--------+

Top non-repeatable levels by time:
     D:1: 939 daAuts
     D:2: 680 daAuts

Table legend:
 A = Kills in this place as a percentage of kills in entire the game.
 B = Kills by you in this place as a percentage of kills by you in the entire game.
 C = Kills by friends in this place as a percentage of kills by friends in the entire game.
 D = Other kills in this place as a percentage of other kills in the entire game.
 E = Experience gained in this place as a percentage of experience gained in the entire game.
 F = Experience gained in this place divided by the number of levels of this place that you have seen.
                   A       B       C       D       E      F
               +-------+-------+-------+-------+-------+----------------------
         Total | 100.0 | 100.0 |   N/A |   N/A | 100.0 | 160.5
       Dungeon | 100.0 | 100.0 |   N/A |   N/A | 100.0 | 160.5
               +-------+-------+-------+-------+-------+----------------------
